 Dungeon Crawl Stone Soup version 0.30-a0-1157-g2cc9ac7196 (webtiles) character file.

Game seed: 18300632465802928174

146 Lobster4 the Digger (level 5, -4/29 HPs)
             Began as a Deep Elf Earth Elementalist on Apr 24, 2023.
             Slain by a kobold
             ... wielding a +1 short sword of electrocution
              (20 damage)
             ... in a sewer.
             The game lasted 00:09:37 (3042 turns).

Lobster4 the Digger (Deep Elf Earth Elementalist)   Turns: 3042, Time: 00:09:38

Health: -4/29      AC:  4    Str:  7    XL:     5   Next: 7%
Magic:  8/12       EV: 13    Int: 20    God:
Gold:   147        SH:  0    Dex: 15    Spells: 4/11 levels left

rFire   . . .        a - staff of conjuration
rCold   . . .        (no shield)
rNeg    . . .        j - +0 robe
rPois   .            r - +0 helmet
rElec   .            (no cloak)
rCorr   .            s - +0 pair of gloves
SInv    .            (no boots)
Will    .....        (no amulet)
Stlth   ++           (no ring)
HPRegen 0.24/turn    (no ring)
MPRegen 0.13/turn

%: no passive effects
@: no status effects
A: no striking features
a: no special abilities


You were in a sewer.
You visited 1 branch of the dungeon, and saw 4 of its levels.
You also visited: Sewer.

You collected 147 gold pieces.

Inventory:

Hand Weapons
 b - a +0 sling
 d - a +0 whip
 f - a +0 dagger
 n - a +0 short sword
Missiles
 g - 12 stones
 l - 6 poisoned darts
Armour
 j - a +0 robe (worn)
 r - a +0 helmet (worn)
 s - a +0 pair of gloves (worn)
 w - a +0 leather armour
Magical Staves
 a - a staff of conjuration (weapon)
 v - a staff of air
Scrolls
 c - 2 scrolls of immolation {unknown}
 e - a scroll of noise {unknown}
 k - a scroll of fog {unknown}
 t - a scroll of fear {unknown}
 u - a scroll of enchant armour {unknown}
 x - a scroll of vulnerability {unknown}
Potions
 h - a potion of haste
 i - 3 potions of curing {unknown}
 m - a potion of flight
 o - 4 potions of heal wounds
 p - a potion of resistance
 q - 4 potions of magic


   Skills:
 + Level 1.1 Fighting
 + Level 0.7 Short Blades
 + Level 0.6 Staves
 + Level 0.8 Throwing
 + Level 0.1 Armour
 + Level 3.2 Dodging
 + Level 3.3 Stealth
 + Level 3.7 Spellcasting
 + Level 1.0 Conjurations
 + Level 0.5 Translocations
 - Level 2.0 Transmutations
 + Level 3.7 Earth Magic


You had 4 spell levels left.
You knew the following spells:

 Your Spells              Type           Power      Damage    Failure   Level
a - Sandblast             Erth           36%        2d10      2%          1
b - Stone Arrow           Conj/Erth      38%        3d9       16%         3
c - Apportation           Tloc           10%        N/A       11%         1
p - Passwall              Tmut/Erth      12%        N/A       6%          2

Your spell library contained the following spells:

 Spells                   Type           Power      Damage    Failure   Level
 Lesser Beckoning         Tloc           10%        N/A       16%         2
 Gell's Gravitas          Tloc           5%         N/A       32%         3
 Teleport Other           Tloc           5%         N/A       32%         3
 Portal Projectile        Hex/Tloc       8%         N/A       34%         3
 Tukima's Dance           Hex            3%         N/A       36%         3
 Petrify                  Tmut/Erth      15%        N/A       38%         4
 Blade Hands              Tmut           5%         N/A       85%         5
 Alistair's Intoxication  Tmut/Pois      4%         N/A       94%         5
 Conjure Ball Lightning   Conj/Air       4%         3x3d6     100%        6
 Discord                  Hex            1%         N/A       100%        8
 Disjunction              Tloc           2%         N/A       100%        8


Dungeon Overview and Level Annotations

Branches:
Dungeon (4/15)              Sewer (1/1)
 Temple: D:4-7

Altars:

Shops:
D:4 [

Annotations:
D:3 Robin


Message History

Aim: a kobold, wielding a +0 dagger and quivering stones (77% to hit)
The blast of sand misses the kobold.
The kobold barely misses you.
The kobold hits you but does no damage. x2; You are electrocuted!
Ouch! That really hurt!
Casting: Sandblast (safe; 2% risk of failure)
Confirm with . or Enter, or press ? or * to list all spells.
Aiming: Sandblast (safe; 2% risk of failure)
Press: ? - help, Shift-Dir - straight line, f/p - kobold
Aim: a kobold, wielding a +0 dagger and quivering stones (77% to hit)
The blast of sand hits the kobold.
You kill the kobold!
You hear a splash. x2
The kobold attacks as you move away! The kobold barely misses you.
Casting: Sandblast (safe; 2% risk of failure)
Confirm with . or Enter, or press ? or * to list all spells.
Aiming: Sandblast (safe; 2% risk of failure)
Press: ? - help, Shift-Dir - straight line, f - kobold
Aim: a kobold, wielding a +0 whip and quivering stones (77% to hit)
The blast of sand hits the kobold!
You kill the kobold!
The kobold hits you with a +1 short sword of electrocution.
The kobold hits you with a +0 short sword.
The kobold barely misses you.
The kobold hits you with a +1 short sword of electrocution.
* * * LOW HITPOINT WARNING * * *
Okay, then.
It was a potion of heal wounds.
You feel much better.
The kobold hits you with a +1 short sword of electrocution.
The kobold hits you with a +0 short sword.
Casting: Sandblast (safe; 2% risk of failure)
Confirm with . or Enter, or press ? or * to list all spells.
Aiming: Sandblast (safe; 2% risk of failure)
Press: ? - help, Shift-Dir - straight line, f - kobold
Aim: a kobold, wielding a +0 short sword and quivering stones (77% to hit)
The blast of sand hits the kobold.
You kill the kobold!
The kobold hits you with a +1 short sword of electrocution.
You are electrocuted!!
Ouch! That really hurt!
You die...

######
#....#
#!∩..#
#!.!.# #....
##')##
#~)))###
#~~~@K.#
#~.~...##
#..P....#
#P.†....#
#~......#
#P~P.P..##
#~~~.....#
~~~~~.....##
~#P~.......#


You could see a kobold.

Vanquished Creatures
  4 adders
  4 worms
  2 dart slugs (D:2)
  6 orcs (D:3)
  7 ball pythons
  8 bats
  5 endoplasms
  7 giant cockroaches
  6 hobgoblins
  2 quokkas
  5 frilled lizards
  9 goblins
  14 kobolds
  8 rats
87 creatures vanquished.

Notes
Turn   | Place    | Note
-------+----------+-------------------------------------------
     0 | D:1      | Lobster4 the Deep Elf Earth Elementalist began the quest
                  | for the Orb.
     0 | D:1      | Reached XP level 1. HP: 10/10 MP: 6/6
   283 | D:1      | Reached XP level 2. HP: 15/15 MP: 6/8
   717 | D:1      | Learned a level 2 spell: Passwall
  1306 | D:2      | Reached XP level 3. HP: 20/20 MP: 7/9
  1992 | D:3      | Found a faded altar of an unknown god.
  2227 | D:3      | Reached XP level 4. HP: 24/24 MP: 9/11
  2238 | D:3      | Learned a level 3 spell: Stone Arrow
  2240 | D:3      | Learned a level 1 spell: Apportation
  2381 | D:3      | Reached skill level 1 in Fighting
  2411 | D:3      | Noticed Robin
  2833 | D:4      | Found Oquu's Armour Shop.
  2834 | D:4      | Found a glowing drain.
  2895 | Sewer    | Entered a sewer
  2942 | Sewer    | Reached XP level 5. HP: 29/29 MP: 9/12
  2990 | Sewer    | Reached skill level 1 in Conjurations
  3042 | Sewer    | Slain by a kobold

Illustrated notes

Levels and vault maps discovered:
D:1:      tarquinn_simple_flora_water_d, layout_basic
D:2:      layout_basic
D:3:      layout_rooms, ebering_ecumenical_altar_abandoned, kennysheep_potato,
          uniq_robin
D:4:      layout_basic, minmay_temple_entry_glass, portal_sewer_entry_c,
          serial_shops, shop, nicolae_shop_competitors_out_of_business, shop,
          shop, minmay_misc_feat_alley, serial_bayou_lagoon_a, uniq_ijyb
Sewer:    kennysheep_pipe_town

Skill      XL: |  1  2  3  4  5 |
---------------+----------------+-----
Stealth        | 3 |  3.3
Dodging        | 3 |  3.2
Transmutations | 2 |  2.0
Fighting       | 1 |  1.1
Conjurations   | 1 |  1.0
Short Blades   | |  0.7
Staves         | |  0.6
Throwing       | |  0.8
Armour         | |  0.1
Spellcasting   | |  3.7
Translocations | |  0.5
Earth Magic    | |  3.7

Action                     |  1- 3 |  4- 6 || total
---------------------------+-------+-------++-------
  Melee: Whip              |     1 |       ||     1
   Cast: Sandblast         |    62 |    57 ||   119
    Use: Scroll            |       |     3 ||     3
         Potion            |       |     1 ||     1
 Armour: Robe              |     3 |    10 ||    13
  Dodge: Dodged            |     8 |    18 ||    26

Table legend: (Time is in decaauts)
 A = Elapsed time spent in this place.
 B = Non-inter-level travel time spent in this place.
 C = Inter-level travel time spent in this place.
 D = Time resting spent in this place.
 E = Time spent auto-exploring this place.
 F = Levels seen in this place.
 G = Mean time per level.
                   A        B        C        D        E       F      G
               +--------+--------+--------+--------+--------+-----+--------+
         Total |   3107 |   2942 |    165 |    201 |   2081 |   5 |  621.4 |
       Dungeon |   2947 |   2782 |    165 |    135 |   2081 |   4 |  736.8 |
         Sewer |    159 |    159 |      0 |     66 |      0 |   1 |  159.0 |
               +--------+--------+--------+--------+--------+-----+--------+

Top non-repeatable levels by time:
     D:1: 1248 daAuts
     D:2: 818 daAuts
     D:3: 807 daAuts
   Sewer: 159 daAuts
     D:4: 73 daAuts
